 Dungeon Crawl Stone Soup version 0.29-a0-270-g1586fc07ea (webtiles) character file.

Game seed: 671042253272121644

153 fragbeetle the Conjurer (level 5, 0/45 HPs)
             Began as an Ogre Conjurer on Mar 8, 2022.
             Slain by a hound (4 damage)
             ... on level 4 of the Dungeon.
             The game lasted 00:06:33 (3754 turns).

fragbeetle the Conjurer (Ogre Conjurer)             Turns: 3754, Time: 00:06:33

Health: 0/45       AC:  4    Str: 13    XL:     5   Next: 35%
Magic:  8/8        EV: 13    Int: 22    God:
Gold:   220        SH:  0    Dex:  7    Spells: 5/8 levels left

rFire   . . .      SeeInvis .   n - +0 short sword
rCold   . . .      Faith    .   (no shield)
rNeg    . . .      Spirit   .   a - +0 robe
rPois   .          Reflect  .   u - +1 hat {Int+3}
rElec   .          Harm     .   (no cloak)
rCorr   .          Rampage  .   (gloves unavailable)
Will    .....                   (boots unavailable)
Stlth   +.........              (no amulet)
HPRegen 0.15/turn               m - +4 ring of evasion
MPRegen 0.11/turn               (no ring)

@: brilliant, lit by a corona, glowing
A: large, unfitting armour, tough skin 1
a: no special abilities


You were on level 4 of the Dungeon.
You visited 1 branch of the dungeon, and saw 4 of its levels.

You collected 220 gold pieces.

Inventory:

Hand Weapons
 g - a +0 whip
 n - a +0 short sword (weapon)
 t - a +0 morningstar
 y - a +0 dagger of freezing
Missiles
 i - 4 atropa-tipped darts
 q - 3 poisoned darts
Armour
 a - a +0 robe (worn)
 u - a +1 hat of intelligence (worn)
Jewellery
 m - a +4 ring of evasion (left hand)
 s - a ring of willpower
Wands
 p - a wand of acid (10)
Scrolls
 c - a scroll of magic mapping {unknown}
 d - a scroll of immolation {unknown}
 e - 2 scrolls of fog {unknown}
 f - a scroll of noise {unknown}
 h - 4 scrolls of identify {unknown}
 j - 2 scrolls of vulnerability {unknown}
 l - 2 scrolls of teleportation {unknown}
 r - a scroll of enchant armour {unknown}
 w - a scroll of fear {unknown}
 x - 2 scrolls of enchant weapon {unknown}
Potions
 k - a potion of brilliance
 o - 2 potions of lignification {unknown}
 v - 2 potions of mutation {unknown}


   Skills:
 - Level 1.7 Dodging
 - Level 1.4 Stealth
 - Level 2.4 Spellcasting
 + Level 5.9 Conjurations


You had 5 spell levels left.
You knew the following spells:

 Your Spells              Type           Power      Damage    Failure   Level
a - Magic Dart            Conj           100%       1d8       1%          1
b - Searing Ray           Conj           86%        2d7       1%          2

Your spell library contained the following spells:

 Spells                   Type           Power      Damage    Failure   Level
 Dazzling Flash           Conj/Hex       46%        N/A       12%         3
 Mephitic Cloud           Conj/Pois/Air  17%        N/A       19%         3
 Call Imp                 Summ           3%         N/A       21%         2
 Fulminant Prism          Conj/Hex       11%        3d9       36%         4
 Iskenderun's Mystic Bla  Conj/Tloc      23%        2d6       36%         4


Dungeon Overview and Level Annotations

Branches:
Dungeon (4/15)
 Temple: D:4-7

Altars:


Innate Abilities, Weirdness & Mutations

You are too large for most types of armour.
You have tough skin. (AC +1)


Message History

The gnoll shaman barely misses you.
You hit the gnoll shaman.
The gnoll shaman is severely wounded.
The gnoll shaman hits you but does no damage.
You hit the gnoll shaman but do no damage.
The gnoll shaman is severely wounded.
You are no longer glowing.
The gnoll shaman misses you.
You barely miss the gnoll shaman.
The gnoll shaman is severely wounded.
The gnoll shaman barely misses you. The hound bites you but does no damage.
You hit the gnoll shaman.
The gnoll shaman is severely wounded.
The hound barely misses you. The gnoll shaman barely misses you.
The hound misses you.
You closely miss the gnoll shaman.
The gnoll shaman is severely wounded.
The hound closely misses you.
The gnoll shaman hits you but does no damage.
You hit the gnoll shaman but do no damage.
The gnoll shaman is severely wounded.
The hound bites you.
The gnoll shaman hits you with a +0 club!
The hound barely misses you.
The gnoll shaman calls down the wrath of its god upon you.
You are outlined in light.
You hit the gnoll shaman.
The gnoll shaman is severely wounded.
The hound bites you. x2
The gnoll shaman hits you with a +0 club!
* * * LOW HITPOINT WARNING * * *
Unknown command.
Magic courses through your body. The hound bites you.
* * * LOW HITPOINT WARNING * * *
The gnoll shaman misses you.
Unknown command.
It was a potion of brilliance.
You feel clever all of a sudden. The hound misses you. The hound bites you.
You die...

#.... ##... ... ....#
####+##### ... ....#
.........# .... .[..#
.........#..... ....#
.........#..... ....#
.........'..... ...†#
........h#.....
....########## #@##.....
.........<..#.##g#...)..
............#.^.K)......
......†.....#....#......
............#....#.......#
............###'##.......##
########.........##'#......
#.........g..#......
#.........#..#......


You could see a gnoll shaman, a hound and a kobold.

Vanquished Creatures
  5 adders
  4 gnolls (D:4)
  5 dart slugs
  An orc (D:3)
  4 bats
  6 endoplasms
  A giant cockroach (D:1)
  4 goblins
  4 hobgoblins
  5 quokkas
  7 ball pythons
  3 frilled lizards
  5 kobolds
  3 rats (D:1)
57 creatures vanquished.

Notes
Turn   | Place    | Note
-------+----------+-------------------------------------------
     0 | D:1      | fragbeetle the Ogre Conjurer began the quest for the Orb.
     0 | D:1      | Reached XP level 1. HP: 16/16 MP: 3/3
   280 | D:1      | Reached skill level 4 in Conjurations
   280 | D:1      | Reached XP level 2. HP: 24/24 MP: 0/5
   688 | D:1      | Learned a level 2 spell: Searing Ray
   876 | D:1      | Reached XP level 3. HP: 23/31 MP: 6/6
  1751 | D:2      | Found a faded altar of an unknown god.
  2103 | D:2      | Reached skill level 5 in Conjurations
  2103 | D:2      | Reached XP level 4. HP: 35/39 MP: 3/7
  2940 | D:3      | Identified the +2 chain mail "Ucunwad" {rF+}
  3518 | D:3      | Identified the +1 ring mail "Lelay" {Fly}
  3697 | D:4      | Reached XP level 5. HP: 43/45 MP: 3/8
  3754 | D:4      | Slain by a hound

Illustrated notes

Levels and vault maps discovered:
D:1:      dpeg_arrival_windows_large_door, layout_loops_ring, serial_glass,
          glass_columns_a, glass_columns_b, minmay_liquid_box, item_on_display_a
D:2:      layout_loops_ring, hellmonk_ecumenical_altar_run_dry,
          minmay_hedge_maze, wander_ebering_terrifying_dragon_lair
D:3:      layout_basic, kennysheep_generic_room_7
D:4:      layout_gridville, enter_ossuary_3, kennysheep_boxes, uniq_menkaure

Skill      XL: |  1  2  3 |
---------------+----------+-----
Conjurations   | 4 5 |  5.9
Dodging        | |  1.7
Stealth        | |  1.4
Spellcasting   | |  2.4

Action                   |  1- 3 |  4- 6 || total
-------------------------+-------+-------++-------
Melee: Whip              |    85 |    21 ||   106
       Punch             |     1 |       ||     1
       Short sword       |       |    17 ||    17
Throw: Dart              |     2 |       ||     2
 Cast: Magic Dart        |    39 |    28 ||    67
       Searing Ray       |     2 |     4 ||     6
  Use: Potion            |       |     2 ||     2
 Stab: Sleeping          |     1 |     2 ||     3
Armor: Robe              |    29 |    10 ||    39
Dodge: Dodged            |    59 |    32 ||    91

Table legend: (Time is in decaauts)
 A = Elapsed time spent in this place.
 B = Non-inter-level travel time spent in this place.
 C = Inter-level travel time spent in this place.
 D = Time resting spent in this place.
 E = Time spent auto-exploring this place.
 F = Levels seen in this place.
 G = Mean time per level.
                   A        B        C        D        E       F      G
               +--------+--------+--------+--------+--------+-----+--------+
         Total |   3767 |   3620 |    147 |    401 |   2608 |   4 |  941.8 |
       Dungeon |   3767 |   3620 |    147 |    401 |   2608 |   4 |  941.8 |
               +--------+--------+--------+--------+--------+-----+--------+

Top non-repeatable levels by time:
     D:2: 1287 daAuts
     D:1: 1204 daAuts
     D:3: 1137 daAuts
     D:4: 137 daAuts
